Map: Nightshade LE

Players

Juaniz

  • Race: Protoss Protoss
  • League: Gold
  • Spawn Location: 5:00

antagomiR - Winner!

  • Race: Protoss Protoss
  • League: Gold
  • Spawn Location: 11:00

VOD

Have the link to the VOD?

Description

Time

  • Played on: April 9, 2020, 1:17 a.m.
  • Length: 16:46
Show
View Real Time Build Order
Export as new Build Order

Juaniz Protoss 

Build Orders:  

Get SALT Encoding   

  12  0:19  Probe (Chrono Boost)  
  14  0:30  Probe (Chrono Boost)  
  14  0:35  Probe (Chrono Boost)  
  15  0:51  Pylon  
  15  0:57  Pylon  
  15  1:09  Probe (Chrono Boost)  
  15  1:10  Gateway  
  16  1:21  Probe (Chrono Boost)  
  17  1:28  Probe (Chrono Boost)  
  18  1:35  Probe  
  19  1:43  Assimilator  
  19  1:47  Probe, Forge  
  20  2:03  Zealot  
  20  2:07  Probe (Chrono Boost)  
  23  2:18  Assimilator  
  23  2:19  Probe (Chrono Boost)  
  24  2:24  Probe (Chrono Boost)  
  24  2:25  Cybernetics Core  
  24  2:29  Pylon  
  25  2:30  Zealot  
  25  2:33  Pylon  
  27  2:39  Probe  
  28  2:51  Probe, Gateway  
  28  2:56  Pylon  
  29  3:03  Warp Gate  
  29  3:04  Probe (Chrono Boost)  
  30  3:08  Gateway  
  30  3:16  Probe (Chrono Boost)  
  31  3:24  Probe (Chrono Boost)  
  31  3:25  Protoss Ground Weapons Level 1  
  32  3:30  Gateway  
  32  3:49  Nexus  
  32  3:54  Pylon  
  32  3:57  Pylon  
  32  4:01  Assimilator  
  32  4:03  Assimilator  
  32  4:16  Probe (Chrono Boost)  
  33  4:24  Twilight Council  
  33  4:27  Probe (Chrono Boost), Pylon  
  34  4:31  Probe (Chrono Boost)  
  35  4:42  Probe  
  36  4:52  Gateway  
  36  4:54  Probe  
  37  5:04  Dark Shrine  
  37  5:07  Probe  
  38  5:12  Pylon  
  38  5:19  Probe  
  39  5:22  Gateway  
  39  5:38  Probe (Chrono Boost)  
  40  5:48  Stalker  
  40  5:49  Probe (Chrono Boost), Stalker  
  45  5:51  Stalker  
  45  5:52  Stalker  
  45  5:53  Probe (Chrono Boost), Stalker  
  52  6:02  Pylon  
  52  6:04  Probe  
  52  6:06  Pylon  
  53  6:16  Probe (Chrono Boost)  
  55  6:26  Probe (Chrono Boost)  
  55  6:27  Dark Templar  
  55  6:29  Dark Templar  
  55  6:30  Dark Templar  
  55  6:31  Probe (Chrono Boost)  
  55  6:32  Dark Templar  
  63  6:33  Dark Templar  
  63  6:34  Protoss Ground Weapons Level 2 (Chrono Boost)  
  66  6:42  Probe  
  43  7:09  Stalker  
  43  7:10  Stalker  
  43  7:13  Stalker  
  43  7:15  Stalker  
  51  7:16  Stalker  
  51  7:18  Probe (Chrono Boost)  
  54  7:28  Photon Cannon  
  54  7:29  Probe (Chrono Boost)  
  55  7:34  Probe (Chrono Boost), Photon Cannon  
  56  7:45  Probe  
  57  7:57  Probe  
  58  8:02  Stalker  
  58  8:04  Stalker  
  58  8:05  Stalker  
  64  8:07  Stalker  
  64  8:09  Stalker  
  68  8:14  Shield Battery  
  68  8:24  Photon Cannon  
  68  8:33  Stargate  
  68  8:35  Stargate  
  68  8:38  Stargate  
  68  8:42  Stargate  
  68  8:52  Probe (Chrono Boost)  
  69  9:02  Probe (Chrono Boost)  
  70  9:09  Cybernetics Core  
  70  9:12  Protoss Air Weapons Level 1  
  70  9:17  Protoss Shields Level 1  
  70  9:22  Void Ray x3  
  82  9:34  Photon Cannon  
  82  9:45  Nexus  
  82  9:52  Void Ray  
  86  10:05  Fleet Beacon  
  86  10:16  Pylon  
  86  10:20  Photon Cannon  
  86  10:26  Pylon  
  86  10:27  Void Ray  
  90  10:33  Void Ray  
  94  10:43  Void Ray  
  98  10:50  Unknown  
  98  10:58  Shield Battery  
  98  11:11  Probe (Chrono Boost)  
  99  11:18  Assimilator  
  99  11:21  Probe (Chrono Boost)  
  99  11:22  Void Ray x2  
  108  11:26  Probe (Chrono Boost)  
  109  11:36  Void Ray  
  109  11:37  Probe  
  114  11:40  Void Ray  
  114  11:45  Pylon  
  114  11:46  Protoss Air Armor Level 1 (Chrono Boost)  
  118  11:50  Stalker  
  118  11:51  Stalker  
  122  12:22  Stalker  
  124  12:25  Protoss Air Weapons Level 2 (Chrono Boost)  
  124  12:28  Stalker  
  120  12:49  Void Ray  
  124  12:54  Void Ray  
  92  13:16  Void Ray  
  92  13:17  Void Ray  
  100  13:43  Void Ray  
  100  13:45  Void Ray  
  108  13:51  Nexus  
  108  14:01  Void Ray x2  
  115  14:30  Void Ray  
  119  14:50  Void Ray  
  123  15:08  Void Ray  
  123  15:12  Nexus  
  119  15:35  Void Ray  
  123  15:51  Pylon  
  123  15:54  Pylon  
  123  16:02  Pylon  
  63  16:37  Stalker  
Show
View Real Time Build Order
Export as new Build Order

antagomiR Protoss - Winner!

Build Orders: Archon Immortal 

Get SALT Encoding   

  12  0:01  Probe  
  13  0:13  Probe  
  14  0:18  Pylon  
  14  0:25  Probe  
  15  0:39  Gateway  
  15  0:41  Probe  
  16  0:53  Probe  
  16  0:56  Assimilator  
  17  1:05  Probe  
  18  1:17  Probe  
  19  1:27  Cybernetics Core  
  19  1:30  Assimilator  
  19  1:41  Probe  
  20  1:48  Pylon  
  20  1:54  Probe  
  21  2:05  Warp Gate (Chrono Boost)  
  21  2:06  Probe  
  22  2:18  Probe  
  23  2:30  Probe  
  23  2:32  Robotics Facility  
  24  2:42  Probe  
  25  2:59  Probe  
  25  3:04  Nexus  
  25  3:05  Gateway x2  
  26  3:09  Pylon  
  26  3:11  Probe, Stalker  
  29  3:19  Observer  
  30  3:23  Probe  
  31  3:40  Observer  
  32  3:47  Shield Battery  
  32  3:50  Probe  
  33  4:02  Immortal, Stalker  
  39  4:15  Probe, Pylon  
  40  4:20  Twilight Council  
  40  4:21  Probe  
  41  4:28  Probe  
  41  4:30  Assimilator  
  42  4:33  Probe  
  43  4:40  Probe  
  43  4:41  Immortal  
  43  4:45  Probe  
  49  4:52  Probe, Sentry  
  50  4:53  Sentry  
  50  4:57  Probe  
  55  5:04  Probe  
  56  5:09  Probe  
  56  5:13  Phoenix  
  57  5:15  Pylon  
  57  5:16  Probe  
  57  5:17  Pylon  
  57  5:19  Templar Archives, Zealot  
  57  5:20  Zealot  
  62  5:30  Assimilator  
  62  5:33  Probe x2  
  64  5:37  Pylon  
  64  5:43  Pylon  
  64  5:45  Probe  
  65  5:51  Immortal (Chrono Boost)  
  69  5:58  Probe x2  
  71  6:10  Probe  
  71  6:11  Probe  
  73  6:18  Stalker x2  
  77  6:24  Probe x2, Immortal (Chrono Boost)  
  83  6:30  Pylon  
  83  6:36  Probe x2, Forge  
  85  6:48  Probe  
  78  7:04  Probe x2  
  78  7:07  Immortal  
  80  7:09  Stalker x3  
  86  7:16  Probe x2  
  86  7:21  Protoss Ground Weapons Level 1 (Chrono Boost)  
  88  7:28  Probe  
  89  7:35  Observer  
  89  7:38  High Templar x2  
  89  7:39  High Templar  
  89  7:42  Nexus  
  95  7:44  Pylon  
  95  7:46  Archon, Pylon  
  95  7:47  Gateway, Immortal  
  98  8:11  Photon Cannon  
  98  8:18  Photon Cannon  
  98  8:19  Photon Cannon  
  98  8:21  Shield Battery  
  98  8:26  Observer  
  99  8:31  Photon Cannon  
  99  8:33  High Templar x3, Pylon  
  105  8:37  Archon x2  
  105  8:45  Shield Battery  
  105  8:46  Shield Battery  
  105  8:47  Observer  
  106  8:49  Photon Cannon  
  106  8:52  Photon Cannon  
  106  8:53  Probe x2  
  106  8:54  Photon Cannon  
  108  8:58  Probe  
  109  9:05  Probe  
  109  9:06  Probe  
  111  9:10  Probe  
  111  9:14  Assimilator  
  111  9:16  Assimilator  
  112  9:17  Probe  
  112  9:19  Protoss Ground Weapons Level 2 (Chrono Boost)  
  113  9:25  Immortal  
  117  9:47  Zealot x2  
  117  9:48  Zealot x2  
  125  10:01  Probe x2  
  125  10:02  Probe  
  125  10:04  Immortal  
  132  10:17  Gateway x2  
  132  10:20  Gateway  
  132  10:22  Gateway  
  132  10:25  Gateway x2  
  132  10:28  Gateway  
  132  10:31  Gateway  
  132  10:34  Zealot x3  
  132  10:35  Zealot  
  140  10:37  Charge (Chrono Boost)  
  140  10:44  Observer  
  141  10:52  Pylon  
  141  10:56  Pylon  
  141  11:02  Pylon  
  141  11:10  Immortal  
  145  11:15  Pylon  
  145  11:18  Pylon  
  145  11:20  Pylon  
  145  11:27  High Templar  
  145  11:28  High Templar x4  
  145  11:29  High Templar x5  
  145  11:32  Archon x2  
  165  11:33  Archon x2  
  165  11:34  Archon  
  165  11:40  Probe x3  
  168  11:52  Probe x3  
  168  11:54  Nexus  
  171  12:08  Protoss Ground Weapons Level 3 (Chrono Boost)  
  171  12:21  Pylon  
  171  12:23  Pylon  
  170  12:48  Stalker  
  170  12:49  Stalker x4  
  170  12:50  Stalker x3  
  170  12:51  Stalker x2  
  189  13:06  Probe x3  
  192  13:18  Probe x3  
  195  13:21  Nexus  
  195  13:24  Shield Battery x2  
  195  13:27  Blink (Chrono Boost)  
  195  13:54  Stalker x2  
  199  15:12  Assimilator  
  193  15:14  Assimilator  
  193  15:20  Photon Cannon  
  189  15:22  Photon Cannon  
  189  15:26  Photon Cannon  
  187  16:00  Stargate  
  167  16:17  Stalker x4  
  167  16:18  Stalker x4  
  163  16:19  Stalker x2  
Tags
 
Composition
Archon Immortal
League
GoldGold
Matchup
PvP
Replay Pack
20200422
Spawn Locations
Cross Positions
Add a new tag
Caveats
  • Supply blocks, unpowered buildings, or Contaminate may cause inaccurate times.
  • Supply counts are checked every 10 seconds.